AoeStats
← Matouš10CZ

Nomad

505117764Analyzed
2v2 RM · 24d ago on Sep 7, 2026· 60m 5s· 4 players
Game mode
Random Map
Map size
176×176
Population
200
Speed
Normal
Resources
Standard
Victory
Conquest
Starting age
Dark Age
Ending age
Imperial Age
RankedLock teamsTeams togetherTeam positionsShared explorationLock speedFull tech treeHidden civsTurbo modeCheats
Victory
Defeat
🇨🇴 Spanish · Colombia
730
+15
🇺🇸 Persians · United States
725
+16
🇨🇿 Japanese · Czechia
758
-17
🇨🇿 Bohemians · Czechia
675
-14
Matouš10CZ
5:13 Loom
16:31 Feudal Age
24:51 Castle Age
28:39 Fletching
31:04 Wheelbarrow
31:20 Horse Collar
31:24 Fishing Lines
32:38 Hand Cart
32:37 Heavy Plow
32:32 Gillnets
35:22 Murder Holes
35:49 Ballistics
35:36 Town Watch
37:55 Double-Bit Axe
41:33 Imperial Age
39:09 Treadmill Crane
42:05 Chemistry
41:57 Bow Saw
44:04 Elite Hussite Wagon
44:53 Wagenburg Tactics
47:48 Pikeman
48:28 Squires
48:13 Arson
50:21 Halberdier
Ctibor
4:14 Loom
14:20 Feudal Age
18:41 Gold Mining
22:34 Castle Age
20:46 Horse Collar
22:44 Pikeman
23:27 Squires
24:46 Wheelbarrow
29:09 Imperial Age
27:22 Gambesons
28:36 Fletching
29:03 Fishing Lines
29:14 Capped Ram
33:18 Hand Cart
40:00 Elite Samurai
45:37 Halberdier
mosesdretg
9:57 Loom
16:47 Feudal Age
17:15 Double-Bit Axe
21:24 Castle Age
19:51 Horse Collar
22:17 Bow Saw
24:13 Heavy Plow
26:45 Wheelbarrow
29:00 Scale Barding Armor
30:14 Hand Cart
30:26 Chain Barding Armor
35:45 Imperial Age
33:53 Fletching
34:38 Bodkin Arrow
34:43 Padded Archer Armor
34:58 Crossbowman
35:43 Thumb Ring
36:41 Leather Archer Armor
37:02 Plate Barding Armor
36:31 Husbandry
38:47 Two-Man Saw
39:09 Crop Rotation
38:59 Kamandaran
39:30 Cavalier
41:30 Ring Archer Armor
42:12 Savar
43:52 Elite Skirmisher
55:15 Citadels
58:50 Capped Ram
alvaroalmeida586
11:45 Loom
17:33 Feudal Age
23:37 Double-Bit Axe
26:29 Castle Age
35:06 Imperial Age
40:58 Wheelbarrow
42:20 Gold Mining
42:21 Stone Mining
42:39 Husbandry
42:50 Bloodlines
44:45 Cavalier
46:47 Paladin
48:30 Scale Barding Armor
48:36 Forging
50:29 Chain Barding Armor
50:46 Iron Casting
50:25 Horse Collar
51:46 Iron Casting
51:47 Plate Barding Armor
52:16 Heavy Plow
52:59 Elite Conquistador
58:01 Hand Cart
Connection lost

Rejoining the realm…

Still unreachable

The connection could not be restored.

Session expired

The server has moved on; the page needs a fresh start.